AoeStats
← calexzp

Nomad

508627322Analyzed
2v2 RM · 9d ago on Sep 23, 2026· 49m 52s· 4 players
Game mode
Random Map
Map size
176×176
Population
200
Speed
Normal
Resources
Standard
Victory
Conquest
Starting age
Dark Age
Ending age
Imperial Age
RankedLock teamsTeams togetherTeam positionsShared explorationLock speedFull tech treeHidden civsTurbo modeCheats
Victory
Defeat
🇲🇽 Celts · Mexico
797
+16
🇲🇽 Vietnamese · Mexico
796
+16
GENTE DEL CDN
12:49 Loom
16:02 Feudal Age
16:38 Fishing Lines
16:54 Double-Bit Axe
20:09 Wheelbarrow
22:22 Castle Age
20:44 Gold Mining
20:59 Fletching
21:09 Padded Archer Armor
21:59 Stone Mining
23:29 Hand Cart
23:28 Bow Saw
23:19 Gillnets
28:49 Leather Archer Armor
28:30 Bodkin Arrow
33:27 Imperial Age
32:15 Ballistics
32:42 Horse Collar
34:23 Heavy Plow
37:42 Chemistry
37:38 Bracer
39:38 Two-Man Saw
40:05 Ring Archer Armor
42:37 Elite Rattan Archer
calexzp
6:27 Loom
6:59 Loom
17:47 Feudal Age
18:04 Man-at-Arms
18:30 Arson
24:39 Horse Collar
30:53 Castle Age
31:01 Forging
30:53 Scale Mail Armor
30:57 Long Swordsman
31:22 Gambesons
33:01 Iron Casting
34:21 Wheelbarrow
35:43 Stone Mining
35:59 Double-Bit Axe
36:07 Gold Mining
36:58 Hand Cart
37:26 Heavy Plow
42:11 Town Watch
45:07 Imperial Age
46:09 Elite Woad Raider
47:10 Conscription
48:30 Blast Furnace
47:46 Chain Mail Armor
47:23 Fletching
47:34 Padded Archer Armor
47:10 Elite Skirmisher
49:25 Imperial Skirmisher
砍德沃.基尔邦硬.香达菲基
10:09 Loom
14:55 Feudal Age
15:42 Double-Bit Axe
16:19 Fishing Lines
20:31 Castle Age
19:42 Fletching
21:16 Gold Mining
21:17 Stone Mining
22:05 Wheelbarrow
21:54 Bow Saw
21:29 Crossbowman
22:41 Bodkin Arrow
23:35 Hand Cart
25:17 Padded Archer Armor
29:33 Town Watch
31:13 Horse Collar
32:58 Leather Archer Armor
34:57 Thumb Ring
39:07 Gillnets
44:43 Imperial Age
42:28 Squires
42:14 Arson
41:50 Man-at-Arms
44:29 Elite Skirmisher
45:46 Imperial Skirmisher
46:57 Bracer
47:28 Ring Archer Armor
48:00 Two-Man Saw
47:03 Town Patrol
48:00 Long Swordsman
48:00 Halberdier
48:49 Scale Mail Armor
48:54 Arbalester
49:23 Arbalester
哈哈哈我不是数字名字
15:09 Feudal Age
16:32 Wheelbarrow
15:55 Double-Bit Axe
15:53 Horse Collar
16:07 Fishing Lines
21:25 Fletching
23:04 Loom
38:46 Bloodlines
43:09 Castle Age
44:34 Padded Archer Armor
45:19 Bodkin Arrow
45:39 Leather Archer Armor
46:52 Thumb Ring
46:09 Elite Skirmisher
47:46 Gillnets
Connection lost

Rejoining the realm…

Still unreachable

The connection could not be restored.

Session expired

The server has moved on; the page needs a fresh start.